 Dungeon Crawl Stone Soup version 0.28-a0-723-g095bd1b44f (webtiles) character file.

Game seed: 11325533430321033637

158 1994 the Ruffian (level 5, -15/53 HPs)
             Began as an Ogre Transmuter on Oct 26, 2021.
             Killed from afar by Ijyb (21 damage)
             ... with a bolt of acid
             ... on level 3 of the Dungeon.
             The game lasted 00:08:22 (3008 turns).

1994 the Ruffian (Ogre Transmuter)                  Turns: 3008, Time: 00:08:22

Health: -15/53     AC:  2    Str: 14    XL:     5   Next: 39%
Magic:  6/9        EV: 19    Int: 15    God:
Gold:   64         SH:  0    Dex: 14    Spells: 3/9 levels left

rFire   . . .      SeeInvis .     - Unarmed
rCold   . . .      Faith    .   (shield currently unavailable)
rNeg    . . .      Spirit   .   (armour currently unavailable)
rPois   .          Reflect  .   (helmet currently unavailable)
rElec   .          Harm     .   (cloak currently unavailable)
rCorr   .          Rampage  .   (gloves unavailable)
Will    .....                   (boots unavailable)
Stlth   +.........              (no amulet)
HPRegen 0.17/turn               l - ring of poison resistance
MPRegen 0.11/turn               (no ring)

@: lethally poisoned (-15 -> -29), spider-form (expiring)
A: venomous fangs, tiny, unfitting armour, (tough skin 1)
a: End Transformation


You were on level 3 of the Dungeon.
You were a venomous arachnid creature.
You visited 1 branch of the dungeon, and saw 3 of its levels.

You collected 64 gold pieces.

Inventory:

Hand Weapons
 b - a +0 dagger of venom
Missiles
 g - 14 poisoned darts (quivered)
 h - 4 boomerangs
 k - 21 stones
Armour
 a - a +0 robe (melded)
 o - a +2 cloak (melded)
Jewellery
 l - a ring of poison resistance (left front leg)
Scrolls
 d - a scroll of fog {unknown}
 i - a scroll of blinking {unknown}
 j - a scroll of acquirement {unknown}
Potions
 c - 2 potions of curing
 e - a potion of ambrosia {unknown}
 f - a potion of haste
 m - a potion of attraction {unknown}
 n - a potion of resistance {unknown}


   Skills:
 * Level 3.1 Fighting
 + Level 1.1 Throwing
 + Level 2.2 Dodging
 * Level 3.3 Unarmed Combat
 + Level 2.8 Spellcasting
 * Level 2.8 Transmutations
 * Level 1.2 Poison Magic


You had 3 spell levels left.
You knew the following spells:

 Your Spells              Type           Power      Damage    Failure   Level
a - Beastly Appendage     Tmut           20%        N/A       17%         1
b - Wereblood             Tmut           10%        N/A       24%         2
c - Spider Form           Tmut/Pois      4%         N/A       47%         3

Your spell library contained the following spells:

 Spells                   Type           Power      Damage    Failure   Level
 Ice Form                 Ice/Tmut       6%         N/A       89%         4


Dungeon Overview and Level Annotations

Branches:
Dungeon (3/15)

Altars:
Okawaru

Annotations:
D:3 Ijyb


Innate Abilities, Weirdness & Mutations

You are a venomous arachnid creature.
You have poisonous fangs.
You are tiny and dextrous.
Your spellcasting is less reliable in this form.
Your armour is entirely melded.
You are incapable of wielding weapons or throwing items.
You are too large for most types of armour.
((You have tough skin. (AC +1)))


Message History

You hit the hobgoblin.
You kill the hobgoblin!
No target in view!
No target in view!
No target in view!
You see here a hobgoblin corpse.
Magic restored.
Your transformation is almost over.
HP restored.
You open the door.
Your horns disappear.
Your talons disappear.
There is an open door here.
You open the door.
There is an open door here.
Found a rapier.
Ijyb the Twisted Goblin comes into view.
She is wielding a +0 dagger of venom and carrying a wand of acid (10).
Casting: Beastly Appendage (safe; 6% risk of failure)
Confirm with . or Enter, or press ? or * to list all spells.
You turn into a venomous arachnid creature.
Your +2 cloak melds into your body.
Your +0 robe melds into your body.
Unknown command.
Ijyb hits you with a +0 dagger of venom.
You are poisoned.
A bullfrog skeleton comes into view.
You hit Ijyb but do no damage.
Ijyb is poisoned.
You feel very sick.
Ijyb hits you with a +0 dagger of venom.
You are more poisoned.
You hit Ijyb but do no damage.
Ijyb is lightly wounded.
You feel very sick.
Ijyb zaps a wand.
The bolt of acid hits you!!
Ouch! That really hurt!
* * * LOW HITPOINT WARNING * * *
You barely miss Ijyb.
Ijyb is lightly wounded.
* * * LOW HITPOINT WARNING * * *
You feel very sick.
Ijyb zaps a wand.
The bolt of acid hits you!!
You die...

.................................
###############..............###
#### #####....####.##..#.## ....
####...#.......(......... ....
.......................#. ....
........................<. ....
#...#####.............#... ....
#.....)...........#....... ....
#...≈≈≈##s#............... ####
#...≈≈≈ #g#.....#.###.#..# .
....≈≈≈ ≈Z.....##. ##.... .
....≈≈≈≈≈......+ #....
##..#≈≈≈≈≈#....# #....
#...≈≈≈≈≈#..... ###..# #.
.#≈≈≈≈≈.... #..... ..#≈≈≈≈≈ ....
#####..# ....#.......


You could see Ijyb (very poisoned) and a bullfrog skeleton.

Vanquished Creatures
  A hound (D:2)
  Crazy Yiuf (D:3)
  Jessica (D:2)
  An adder (D:1)
  An adder skeleton (D:2)
  2 worms
  2 dart slugs
  5 bats
  5 endoplasms
  A giant cockroach (D:2)
  3 goblins (D:1)
  5 hobgoblins
  5 quokkas
  5 ball pythons
  A frilled lizard (D:1)
  7 kobolds
  3 rats
49 creatures vanquished.

Notes
Turn   | Place    | Note
-------+----------+-------------------------------------------
     0 | D:1      | 1994 the Ogre Transmuter began the quest for the Orb.
     0 | D:1      | Reached XP level 1. HP: 19/19 MP: 3/3
   290 | D:1      | Found a faded altar of an unknown god.
   304 | D:1      | Reached XP level 2. HP: 16/28 MP: 2/5
   911 | D:1      | Reached XP level 3. HP: 26/35 MP: 4/6
   914 | D:1      | Learned a level 2 spell: Wereblood
   918 | D:1      | Learned a level 3 spell: Spider Form
  1010 | D:1      | Found an iron altar of Okawaru.
  1980 | D:2      | Noticed Jessica
  1991 | D:2      | Killed Jessica
  1992 | D:2      | Reached XP level 4. HP: 34/44 MP: 5/8
  2089 | D:2      | Reached skill level 1 in Throwing
  2165 | D:2      | Reached XP level 5. HP: 52/52 MP: 7/9
  2344 | D:2      | Reached skill level 1 in Poison Magic
  2532 | D:3      | Found a runed translucent door.
  2533 | D:3      | Noticed Crazy Yiuf
  2549 | D:3      | Killed Crazy Yiuf
  3001 | D:3      | Noticed Ijyb
  3008 | D:3      | Killed from afar by Ijyb

Illustrated notes

Levels and vault maps discovered:
D:1:      dpeg_arrival_tiny_a, layout_basic, chequers_ecumenical_altar_simple,
          minmay_strange_pillars, interstate_on_off, kennysheep_flooded_box,
          minmay_tromino_v7
D:2:      layout_loops_cross, feat_on_display, uniq_jessica
D:3:      wander_river, layout_basic, gammafunk_ghost_gnarly_gnolls,
          corexii_corridor_pit, lightli_corner_chamber, uniq_natasha,
          uniq_crazy_yiuf_cottage, uniq_ijyb

Skill      XL: |  1  2  3  4  5 |
---------------+----------------+-----
Transmutations | 2 |  2.8
Fighting       | 2 3 |  3.1
Dodging        | 2 |  2.2
Unarmed Combat | 3 |  3.3
Throwing       | 1 |  1.1
Poison Magic   | 1 |  1.2
Spellcasting   | |  2.8

Action                   |  1- 3 |  4- 6 || total
-------------------------+-------+-------++-------
Melee: Unarmed           |   154 |    34 ||   188
       Kick              |    17 |     4 ||    21
       Headbutt          |    17 |     1 ||    18
       Punch             |     1 |       ||     1
       Dagger            |     6 |       ||     6
Throw: Dart              |     3 |       ||     3
 Cast: Beastly Appendage |    19 |     5 ||    24
       Spider Form       |       |     3 ||     3
  Use: Scroll            |     2 |       ||     2
Armor: Robe              |    52 |    17 ||    69
       Skin              |       |     1 ||     1
Dodge: Dodged            |    80 |    18 ||    98

Table legend: (Time is in decaauts)
 A = Elapsed time spent in this place.
 B = Non-inter-level travel time spent in this place.
 C = Inter-level travel time spent in this place.
 D = Time resting spent in this place.
 E = Time spent auto-exploring this place.
 F = Levels seen in this place.
 G = Mean time per level.
                   A        B        C        D        E       F      G
               +--------+--------+--------+--------+--------+-----+--------+
         Total |   3014 |   2891 |    123 |   1265 |    962 |   3 | 1004.7 |
       Dungeon |   3014 |   2891 |    123 |   1265 |    962 |   3 | 1004.7 |
               +--------+--------+--------+--------+--------+-----+--------+

Top non-repeatable levels by time:
     D:1: 1729 daAuts
     D:2: 1047 daAuts
     D:3: 238 daAuts
